 Dungeon Crawl Stone Soup version 0.32-a0-913-g739538afd8 (webtiles) character file.

Game seed: 11973947681923587026

2604 shadizar the Thaumaturge (level 9, 0/63 HPs)
             Began as a Djinni Conjurer on Apr 8, 2024.
             Was a Priest of Makhleb.
             Killed from afar by an orc wizard (3 damage)
             ... with a puff of flame
             ... on level 8 of the Dungeon.
             The game lasted 00:06:05 (7061 turns).

shadizar the Thaumaturge (Djinni Conjurer)          Turns: 7061, Time: 00:06:06

Health: 0/63       AC:  0    Str:  6    XL:     9   Next: 90%
Gold:   418        EV: 12    Int: 29    God:    Makhleb [***...] SH:  0 Dex: 11

rFire   + + .        G - +5 dagger of Slime {heavy, Int+4 Stlth+}
rCold   x . .        (no shield)
rNeg    . . .        a - +0 robe
rPois   ∞            g - +1 hat
rElec   .            y - +0 cloak
rCorr   .            (no gloves)
SInv    .            (boots unavailable)
Will    .....        (no amulet)
Stlth   ++++         (no ring)
HPRegen 0.30/turn    (no ring)

%: infuse magic (-1 HP)
@: corroded, flying, very slightly contaminated
A: sickness immunity, fire resistance 2, cold vulnerability 1, float, innate
caster, HP casting, extra vitality 1
a: Renounce Religion, Minor Destruction, Lesser Servant of Makhleb


You were on level 8 of the Dungeon.
You worshipped Makhleb.
Makhleb was most pleased with you.
You visited 1 branch of the dungeon, and saw 8 of its levels.

You collected 418 gold pieces.

Inventory:

Hand Weapons
 G - the +5 dagger of Slime (weapon) {heavy, Int+4 Stlth+}
   (You found it on level 7 of the Dungeon)

   Int+4:     It affects your intelligence (+4).
   Stlth+:    It makes you more stealthy.
Armour
 a - a +0 robe (worn)
 g - a +1 hat (worn)
 r - a +1 robe of willpower
 y - a +0 cloak (worn)
Jewellery
 j - a ring of resist corrosion
 n - a ring of protection from fire
 s - a +4 ring of slaying
 w - a ring of positive energy
 A - an amulet of regeneration
Wands
 m - a wand of quicksilver (4)
 D - a wand of roots (7)
 H - a wand of paralysis (13)
Scrolls
 b - 6 scrolls of identify {unknown}
 c - a scroll of revelation {unknown}
 d - 2 scrolls of enchant armour {unknown}
 k - a scroll of enchant weapon {unknown}
 o - 2 scrolls of teleportation {unknown}
 p - a scroll of immolation {unknown}
 q - a scroll of fog {unknown}
 v - a scroll of blinking {unknown}
 B - a scroll of vulnerability {unknown}
 F - a scroll of poison {unknown}
Potions
 e - 2 potions of curing {unknown}
 f - 2 potions of brilliance {unknown}
 h - 2 potions of might {unknown}
 i - a potion of haste {unknown}
 l - a potion of mutation {unknown}
 t - a potion of magic {unknown}
 u - a potion of heal wounds {unknown}
 x - a potion of enlightenment {unknown}
 z - a potion of ambrosia {unknown}
 C - 2 potions of lignification {unknown}
 E - 2 potions of invisibility {unknown}


   Skills:
 + Level 4.5 Fighting
 - Level 1.7 Armour
 + Level 5.6 Dodging
 + Level 4.5 Stealth
 * Level 8.3 Spellcasting
 * Level 8.3 Conjurations
 * Level 8.3 Hexes
   Level 0.0 Charms
 * Level 8.3 Summonings
 * Level 8.3 Necromancy
 * Level 8.3 Translocations
   Level 0.0 Transmutations
 * Level 8.3 Fire Magic
 * Level 8.3 Ice Magic
 * Level 8.3 Air Magic
 * Level 8.3 Earth Magic
 * Level 8.3 Alchemy


You knew the following spells:

 Your Spells              Type           Power      Damage    Failure   Level
a - Magic Dart            Conj           100%       1d8       1%          1
b - Searing Ray           Conj           100%       2d8       1%          2
c - Fulminant Prism       Conj/Alch      28%        3d14      1%          4
d - Iskenderun's Mystic   Conj/Tloc      57%        2d12      (+2d61%     4
e - Foxfire               Conj/Fire      100%       2x1d9     1%          1
f - Lesser Beckoning      Tloc           100%       N/A       1%          2
g - Teleport Other        Tloc           57%        N/A       1%          3
h - Hailstorm             Conj/Ice       57%        3d11      1%          3
Your spell library was empty.

Dungeon Overview and Level Annotations

Branches:
Dungeon (8/15)             Temple (0/1) D:5
   Lair: D:8-11

Altars:
Makhleb
Okawaru

Shops:
D:4 =


Innate Abilities, Weirdness & Mutations

You are immune to sickness and miasma.
You are immune to poison.
Your flesh is very heat resistant. (rF++)
You are vulnerable to cold. (rC-)
You float through the air rather than walking.
You learn spells naturally, not from books.
Your magical power is your life essence.
You have superior vitality. (+4 MHP)


Message History

You hear a shout! x4
Unknown command.
Unknown command.
Unknown command.
Unknown command.
Unknown command.
Unknown command.
Unknown command.
Unknown command.
Unknown command.
Unknown command.
Unknown command.
Unknown command.
Okay, then.
Found a stone staircase leading down.
An orc wizard comes into view. It is wielding a +0 dagger.
Okay, then.
Casting: Iskenderun's Mystic Blast (dangerous; 1% risk of failure)
Confirm with . or Enter, or press ? or * to list all spells.
Okay, then.
Casting: Iskenderun's Mystic Blast (dangerous; 1% risk of failure)
Confirm with . or Enter, or press ? or * to list all spells.
Aiming: Fulminant Prism (dangerous; 1% risk of failure)
Press: ? - help, Dir - move target You miscast Fulminant Prism.
You are very lightly contaminated with residual magic.
Nothing appears to happen.
* * * LOW HITPOINT WARNING * * *
Unknown command.
Casting: Fulminant Prism (dangerous; 1% risk of failure)
Confirm with . or Enter, or press ? or * to list all spells.
You erupt in a blast of force!
The mystic blast hits the steam dragon!
The steam dragon is moderately wounded.
The steam dragon is knocked back by the mystic blast.
The steam dragon slams into the rock wall!
The steam dragon is severely wounded.
* * * LOW HITPOINT WARNING * * *
The orc wizard points at you and mumbles some strange words.
The puff of flame hits you. You resist.
You die...

#.## ##.....#
########.###.#.##.#
#.........#.##.##)#
# .........#.#
#.##)#.#
#.##########
#.##)#.## #.#
#.##)...### #.#
#.#.D.D..... #.#
#.#.#...##.. #:#
#.#@##D## ..#
#>.....# ###
#...###..o. #....
.... ##..# ...
###### #..# ..<).#
#... ..##)# ##.#
#.##.#


You could see a steam dragon and an orc wizard.

Vanquished Creatures
  Menkaure (D:5)
  An acid dragon (D:8)
  Duvessa (D:6)
  2 ice beasts
  3 sky beasts
  An ogre (D:6)
  A centaur (D:7)
  A phantom (D:5)
  A kobold brigand (D:8)
  A bullfrog (D:7)
  Blork the orc (D:4)
  A scorpion (D:3)
  Dowan (D:6)
  4 killer bees (D:8)
  3 howler monkeys
  4 hounds
  2 gnoll boudas (D:5)
  2 jellies (D:5)
  6 orc priests
  2 sleepcaps
  9 orc wizards
  7 adders
  7 gnolls (D:5)
  2 shadow imps
  A white imp (D:5)
  4 ufetubi
  A dart slug (D:3)
  A ribbon worm (D:2)
  43 orcs
  6 bats
  7 endoplasms
  7 goblins
  6 hobgoblins
  3 quokkas
  7 ball pythons
  A frilled lizard (D:2)
  7 kobolds
  6 rats
164 creatures vanquished.

Vanquished Creatures (collateral kills)
  A foxfire (D:4)
1 creature vanquished.

Vanquished Creatures (others)
  7 foxfires (D:4)
  4 fulminant prisms
11 creatures vanquished.

Grand Total: 176 creatures vanquished

Notes
Turn   | Place    | Note
-------+----------+-------------------------------------------
     0 | D:1      | shadizar the Djinni Conjurer began the quest for the Orb.
     0 | D:1      | shadizar set off with the following spells memorised: Magic
                  | Dart, Searing Ray, Fulminant Prism, Iskenderun's Mystic
                  | Blast.
     0 | D:1      | Reached XP level 1. HP: 15/15 MP: 0/0
   143 | D:1      | Reached XP level 2. HP: 18/21 MP: 0/0
   453 | D:1      | Reached XP level 3. HP: 19/25 MP: 0/0
   453 | D:1      | Learned a level 1 spell: Foxfire
  1073 | D:2      | Found a burning altar of Makhleb.
  1128 | D:2      | Became a worshipper of Makhleb the Destroyer
  1239 | D:2      | Reached XP level 4. HP: 28/31 MP: 0/0
  1566 | D:3      | Reached XP level 5. HP: 14/35 MP: 0/0
  1566 | D:3      | Learned a level 2 spell: Lesser Beckoning
  1568 | D:3      | Reached skill level 5 in Spellcasting
  1568 | D:3      | Reached skill level 5 in Conjurations
  1568 | D:3      | Reached skill level 5 in Hexes
  1568 | D:3      | Reached skill level 5 in Summonings
  1568 | D:3      | Reached skill level 5 in Necromancy
  1568 | D:3      | Reached skill level 5 in Translocations
  1568 | D:3      | Reached skill level 5 in Fire Magic
  1568 | D:3      | Reached skill level 5 in Ice Magic
  1568 | D:3      | Reached skill level 5 in Air Magic
  1568 | D:3      | Reached skill level 5 in Earth Magic
  1568 | D:3      | Reached skill level 5 in Alchemy
  2275 | D:3      | Reached * piety under Makhleb
  2276 | D:3      | Reached XP level 6. HP: 26/40 MP: 0/0
  2652 | D:4      | Noticed an ice beast
  2664 | D:4      | Killed an ice beast
  2936 | D:4      | Reached XP level 7. HP: 31/45 MP: 0/0
  2936 | D:4      | Learned a level 3 spell: Teleport Other
  3098 | D:4      | Noticed Blork the orc
  3106 | D:4      | Killed Blork the orc
  3167 | D:4      | Found Aneuf's Jewellery Boutique.
  3499 | D:4      | Identified the +8 falchion "Quajeugi" {heavy, rCorr Str+3
                  | Int-2}
  3599 | D:5      | Entered Level 5 of the Dungeon
  3868 | D:5      | Reached ** piety under Makhleb
  3872 | D:5      | Reached XP level 8. HP: 18/51 MP: 0/0
  4066 | D:5      | Reached skill level 1 in Fighting
  4066 | D:5      | Reached skill level 1 in Armour
  4123 | D:5      | Noticed Menkaure
  4132 | D:5      | Killed Menkaure
  4515 | D:5      | Found a staircase to the Ecumenical Temple.
  5799 | D:6      | Noticed Duvessa
  5800 | D:6      | Noticed Dowan
  5806 | D:6      | Reached XP level 9. HP: 55/60 MP: 0/0
  5806 | D:6      | Learned a level 3 spell: Hailstorm
  5809 | D:6      | Killed Duvessa
  5811 | D:6      | Killed Dowan
  6396 | D:7      | Reached skill level 5 in Dodging
  6603 | D:7      | Reached *** piety under Makhleb
  6665 | D:7      | Identified the +5 dagger of Slime {heavy, Int+4 Stlth+}
  6962 | D:8      | Found an iron altar of Okawaru.
  7061 | D:8      | Killed from afar by an orc wizard

Illustrated notes

Levels and vault maps discovered:
D:1:      amcnicky_arrival_single_pillar, layout_basic, minmay_hedge_maze
D:2:      layout_loops_corners, basic_altar, st_stairs_8, columned_hall_lemuel
D:3:      layout_basic, minmay_vboxes
D:4:      layout_cave_pools, serial_park, serial_park_avenue1,
          serial_park_tiny_2, serial_park_square2, serial_park_tiny_pond,
          serial_park_square1 [serial_park_minivault_5x5_2], serial_shops,
          nicolae_shop_gaudy_bauble, uniq_blork_the_orc
D:5:      layout_loops_ring, minmay_temple_entry_grid, minmay_misc_feat_encased,
          uniq_menkaure
D:6:      layout_basic, uniq_duvessa
D:7:      layout_rooms, minmay_misc_feat_ornament
D:8:      layout_loops_ring, lemuel_crystal_altar, mainiacjoe_overflow_brackets,
          kennysheep_dice

Skill      XL: |  1  2  3  4  5  6  7  8  9 |
---------------+----------------------------+-----
Spellcasting   | 4 5 6 7 8 |  8.3
Conjurations   | 4 5 6 7 8 |  8.3
Hexes          | 4 5 6 7 8 |  8.3
Summonings     | 4 5 6 7 8 |  8.3
Necromancy     | 4 5 6 7 8 |  8.3
Translocations | 4 5 6 7 8 |  8.3
Fire Magic     | 4 5 6 7 8 |  8.3
Ice Magic      | 4 5 6 7 8 |  8.3
Air Magic      | 4 5 6 7 8 |  8.3
Earth Magic    | 4 5 6 7 8 |  8.3
Alchemy        | 4 5 6 7 8 |  8.3
Fighting       | 3 4 |  4.5
Armour         | 1 |  1.7
Stealth        | 3 4 |  4.5
Dodging        | 4 5 |  5.6

Action                     |  1- 3 |  4- 6 |  7- 9 || total
---------------------------+-------+-------+-------++-------
  Melee: Unarmed           |     1 |       |     3 ||     4
   Cast: Magic Dart        |    59 |   117 |   209 ||   385
         Iskenderun's Myst |       |     5 |    65 ||    70
         Foxfire           |       |     4 |       ||     4
         Fulminant Prism   |       |       |     4 ||     4
 Armour: Robe              |     6 |    13 |    42 ||    61
  Dodge: Dodged            |     3 |     8 |    40 ||    51

Table legend: (Time is in decaauts)
 A = Elapsed time spent in this place.
 B = Non-inter-level travel time spent in this place.
 C = Inter-level travel time spent in this place.
 D = Time resting spent in this place.
 E = Time spent auto-exploring this place.
 F = Levels seen in this place.
 G = Mean time per level.
                   A        B        C        D        E       F      G
               +--------+--------+--------+--------+--------+-----+--------+
         Total |   7060 |   6906 |    154 |      0 |   6032 |   8 |  882.5 |
       Dungeon |   7060 |   6906 |    154 |      0 |   6032 |   8 |  882.5 |
               +--------+--------+--------+--------+--------+-----+--------+

Top non-repeatable levels by time:
     D:5: 1431 daAuts
     D:3: 1208 daAuts
     D:6: 1127 daAuts
     D:4: 857 daAuts
     D:2: 851 daAuts
     D:7: 749 daAuts
     D:1: 682 daAuts
     D:8: 151 daAuts
